 Dungeon Crawl Stone Soup version 0.32-a0-931-g5a2cda0630 (webtiles) character file.

Game seed: 9910826085850592531

123695 bmj180 the Thaumaturge (level 16, -2/116 HPs)
             Began as a Human Conjurer on Apr 13, 2024.
             Was an Elder of Sif Muna.
             Slain by a ghost moth (7 damage)
             ... led by a torpor snail
             ... on level 1 of the Spider Nest.
             The game lasted 02:00:53 (37062 turns).

bmj180 the Thaumaturge (Human Conjurer)            Turns: 37062, Time: 02:00:53

Health: -2/116     AC: 18    Str:  6 (8)  XL:     16   Next: 91%
Magic:  1/42       EV: 13    Int: 26 (29) God:    Sif Muna [****..]
Gold:   1599       SH:  0    Dex: 11 (12) Spells: 12/41 levels left

rFire   . . .        a - +10 mace "Sumus" {freeze, rElec rPois rN+++ MP+9}
rCold   . . .        R - orb {*channel}
rNeg    + + +        i - +2 robe "Erghiedeu" {Int+3}
rPois   +            j - +2 helmet {SInv}
rElec   +            p - +0 cloak
rCorr   .            B - +0 pair of gloves
SInv    +            c - +2 pair of boots
Will    +++..        L - amulet of regeneration
Stlth   +++          v - ring "Vokil" {Will++ AC+4}
HPRegen 1.19/turn    S - ring of wizardry
MPRegen 0.28/turn

%: wizardry (x1), channel magic (20%)
@: very slightly contaminated
A: explore regen
a: Renounce Religion, Channel Magic, Forget Spell, Divine Exegesis


You were on level 1 of the Spider Nest.
You worshipped Sif Muna.
Sif Muna was greatly pleased with you.
You visited 5 branches of the dungeon, and saw 25 of its levels.
You visited the Abyss 2 times.

You collected 2226 gold pieces.
You spent 627 gold pieces at shops.

Inventory:

Hand Weapons
 a - the +10 mace "Sumus" (weapon) {freeze, rElec rPois rN+++ MP+9}
   (You took it off an orc wizard on level 12 of the Dungeon)

   rElec:     It insulates you from electricity.
   rPois:     It protects you from poison.
   rN+++:     It renders you almost immune to negative energy.
   MP+9:      It affects your magic capacity (+9).
 d - the +7 hand axe "Hircharei" {venom, Str+3 Int+2}
   (You found it on level 10 of the Dungeon)

   Str+3:     It affects your strength (+3).
   Int+2:     It affects your intelligence (+2).
 y - the +5 dagger "Wojouc" {venom, *Rage rElec rC++ SInv}
   (You found it on level 15 of the Dungeon)

   rC++:      It greatly protects you from cold.
   rElec:     It insulates you from electricity.
   SInv:      It lets you see invisible.
   *Rage:     It berserks you when you make melee attacks (+20% chance).
 I - a +3 scimitar of flaming
 N - a +1 rapier of electrocution
Missiles
 q - 4 curare-tipped darts (quivered)
 s - 15 poisoned darts
Armour
 c - a +2 pair of boots (worn)
 i - the +2 robe "Erghiedeu" (worn) {Int+3}
   (You found it on level 1 of the Lair of Beasts)

   Int+3:     It affects your intelligence (+3).
 j - a +2 helmet of see invisible (worn)
 p - a +0 cloak (worn)
 B - a +0 pair of gloves (worn)
 R - an orb of energy (worn)
 U - an orb of mayhem
Magical Staves
 W - a staff of death
 Z - the staff of Red Wine {rElec Will- Str-4 Fire Air Alchemy}
   (You found it on level 3 of the Lair of Beasts)

   [staff of air]

   Base accuracy: +5 Base damage: 5 Base attack delay: 1.2 This weapon's minimum
   attack delay (0.6) is reached at skill level 12.
   Str-4:     It affects your strength (-4).
   rElec:     It insulates you from electricity.
   Will-:     It decreases your willpower.
   Fire:      It increases the power of your Fire spells.
   Air:       It increases the power of your Air spells.
   Alchemy:   It increases the power of your Alchemy spells.
   It falls into the 'Staves' category.
   It is a one-handed weapon.
Jewellery
 v - the ring "Vokil" (left hand) {Will++ AC+4}
   (You bought it in a shop on level 2 of the Orcish Mines)

   [ring of protection]

   AC+4:      It affects your AC (+4).
   Will++:    It greatly increases your willpower.
 w - a ring of fire
 A - the ring of Lid Poowk {AC+4 Int+4}
   (You found it on level 10 of the Dungeon)

   [ring of protection]

   AC+4:      It affects your AC (+4).
   Int+4:     It affects your intelligence (+4).
 L - an amulet of regeneration (around neck)
 S - a ring of wizardry (right hand)
Talismans
 h - a serpent talisman
Wands
 t - a wand of paralysis (10)
 z - a wand of polymorph (7)
 G - a wand of warping (3)
 K - a wand of flame (15)
 M - a wand of mindburst (9)
 O - a wand of digging (9)
Scrolls
 f - 8 scrolls of teleportation
 g - 3 scrolls of blinking
 l - a scroll of brand weapon
 n - 6 scrolls of fear
 u - 3 scrolls of silence
 C - 3 scrolls of identify
 D - 2 scrolls of butterflies
 F - 3 scrolls of fog
 Y - 5 scrolls of revelation
Potions
 b - 3 potions of magic
 e - 10 potions of brilliance
 k - a potion of cancellation
 m - 7 potions of might
 o - 3 potions of resistance
 r - a potion of enlightenment
 x - 3 potions of berserk rage
 E - a potion of haste
 H - 7 potions of curing
 J - 2 potions of invisibility
 V - a potion of heal wounds


   Skills:
 * Level 7.9 Fighting
 + Level 4.6 Short Blades
 * Level 8.2 Maces & Flails
 + Level 4.0 Throwing
 * Level 7.8 Armour
 * Level 7.2 Dodging
 + Level 5.0 Stealth
 + Level 0.1 Unarmed Combat
 * Level 13.0 Spellcasting
 * Level 12.4 Conjurations
 + Level 4.1 Summonings
 + Level 4.0 Necromancy
 * Level 7.8 Translocations
 + Level 4.0 Ice Magic
 * Level 6.4 Air Magic
 * Level 7.1 Alchemy
 * Level 8.7 Invocations
 + Level 6.0 Evocations


You had 12 spell levels left.
You knew the following spells:

 Your Spells              Type           Power      Damage    Failure   Level
a - Magic Dart            Conj           100%       1d8       1%          1
b - Searing Ray           Conj           100%       2d8       1%          2
c - Fulminant Prism       Conj/Alch      30%        3d16      1%          4
d - Iskenderun's Mystic   Conj/Tloc      62%        2d13      (+2d71%     4
e - Call Canine Familiar  Summ           38%        N/A       3%          3
f - Ozocubu's Armour      Ice            37%        N/A       3%          3
g - Vampiric Draining     Necr           38%        2d8       3%          3
h - Irradiate             Conj/Alch      30%        3d21      2%          5
i - Airstrike             Air            25%        2d(4-20)  3%          4

Your spell library contained the following spells:

 Spells                   Type           Power      Damage    Failure   Level
 Necrotise                Necr           100%       1d9       1%          1
 Shock                    Conj/Air       100%       1d9       1%          1
 Momentum Strike          Conj/Tloc      100%       3d10      1%          2
 Maxwell's Portable Pile  Tloc           55%        2d(10-30) 1%          3
 Swiftness                Air            50%        N/A       1%          3
 Teleport Other           Tloc           55%        N/A       1%          3
 Iskenderun's Battlesphe  Conj           69%        2d12      1%          5
 Fugue of the Fallen      Necr           38%        N/A       3%          3
 Martyr's Knell           Necr/Summ      38%        N/A       7%          4
 Dimensional Bullseye     Hex/Tloc       18%        N/A       8%          4
 Leda's Liquefaction      Alch/Erth      17%        N/A       9%          4
 Sigil of Binding         Hex            17%        N/A       10%         3
 Curse of Agony           Necr           38%        N/A       16%         5
 Dispersal                Tloc           27%        N/A       17%         6
 Gell's Gavotte           Tloc           27%        2d(23-35) 17%         6
 Yara's Violent Unravell  Hex/Alch       17%        3d8       19%         5
 Metabolic Englaciation   Hex/Ice        13%        N/A       30%         5
 Sculpt Simulacrum        Ice/Alch       23%        N/A       34%         6
 Lee's Rapid Deconstruct  Erth           8%         3d7*      52%         5
 Manifold Assault         Tloc           27%        N/A       58%         7
 Permafrost Eruption      Ice/Erth       13%        2x4d4     77%         6
 Ozocubu's Refrigeration  Ice            18%        4d11      95%         7
 Polar Vortex             Ice            18%        12d2*     100%        9


Dungeon Overview and Level Annotations

Branches:
Dungeon (15/15)            Temple (1/1) D:7            Lair (5/5) D:10
 Shoals (0/4) Lair:2       Spider (2/4) Lair:3        Slime (0/5) Lair:5
    Orc (2/2) D:12            Elf (0/3) Orc:2        Vaults (0/5) D:14
 Depths (0/4) D:15

Altars:
Ashenzari
Cheibriados
Dithmenos
Elyvilon
Fedhas
Gozag
Hepliaklqana
Kikubaaqudgha
Makhleb
Nemelex Xobeh
Okawaru
Qazlal
Ru
Sif Muna
Trog
Uskayaw
Vehumet
Wu Jian
Xom
Yredelemnul
Zin
The Shining One
Jiyva
Lugonu

Shops:
D:6 (:   D:9 [   D:11 :   Orc:2 ?=?(

Portals:
Abyss: Lair:5
Trove: D:13 (give 2 scrolls of acquirement)


Innate Abilities, Weirdness & Mutations

You regain HP and MP as you explore.


Message History

The ghost moth stares at you.
You feel your power leaking away.
The ghost moth hits you but does no damage. x2
The ghost moth completely misses you.
Unknown command.
You barely miss the ghost moth.
The ghost moth is severely wounded.
You feel less invigorated. The ghost moth stares at you.
You feel your power leaking away. The ghost moth closely misses you.
The ghost moth hits you!
* * * LOW HITPOINT WARNING * * *
The ghost moth stings you but does no damage.
The ghost moth stares at you. The ghost moth hits you!
* * * LOW HITPOINT WARNING * * *
You feel weakened. The ghost moth hits you.
* * * LOW HITPOINT WARNING * * *
The ghost moth barely misses you.
Unknown command.
You hit the ghost moth. You freeze the ghost moth.
The ghost moth is severely wounded.
The ghost moth closely misses you.
The ghost moth hits you but does no damage.
The ghost moth barely misses you.
Unknown command.
You hit the ghost moth.
The ghost moth is severely wounded.
The ghost moth hits you.
* * * LOW HITPOINT WARNING * * *
The ghost moth hits you.
* * * LOW HITPOINT WARNING * * *
The ghost moth misses you.
You closely miss the ghost moth.
The ghost moth is severely wounded.
The ghost moth hits you.
* * * LOW HITPOINT WARNING * * *
The ghost moth closely misses you. The ghost moth stings you!
You die...

##...## ##..
#...#######
##......###
##....#[.##
########.....(.#.#
###.##......##......
#....#....#.........
#.y.#.#.#...†....#..
##.@.....#†.........
#...#....#.....##..
###..#..#......###.
#....#......###..
####.....##.###..
#.......#.##..
#..#.#.#...#.^
##....†.......
##^#.........


You could see a ghost moth (invisible).

Vanquished Creatures
  Jorgrun (Orc:2)
  Louise (D:14)
  An orc warlord (Orc:2)
  A ghost moth (Spider:2)
  A spark wasp (Spider:1)
  The ghost of Hifenlek the Warrior, a journeyman CoGl of Hepliaklqana (Lair:3)
  A dire elephant (D:15)
  Josephine (D:10)
  7 hydras
  4 catoblepae
  Erolcha (D:10)
  2 vault guards (D:14)
  An entropy weaver (Spider:1)
  2 ogre magi (Orc:2)
  2 centaur warriors (D:13)
  9 two-headed ogres
  Erica (Orc:1)
  3 boulder beetles
  A death knight (D:11)
  6 death yaks
  2 tengu warriors
  A radroach (Spider:1)
  7 demonic crawlers
  Urug (D:10)
  3 thrashing horrors (Lair:5)
  An orc high priest (Orc:2)
  Sonja (D:12)
  An iron troll (Orc:2)
  A fire crab (Lair:3)
  A skyshark (Lair:4)
  A sixfirhy (Abyss:2)
  A deep troll (Orc:2)
  2 pharaoh ants
  A deep troll (shapeshifter) (Lair:5)
  2 orb spiders (Spider:1)
  4 steelbarb worms (Spider:1)
  3 orc knights
  3 deep elf pyromancers
  6 wolf spiders
  A manticore (shapeshifter) (D:10)
  5 cyclopes
  8 ugly things
  A merfolk siren (Lair:2)
  An oklob plant (Lair:3)
  11 elephants
  A guardian serpent (D:12)
  A black mamba (Lair:5)
  6 kobold blastminers (Orc:1)
  A manticore (D:13)
  6 meliai
  3 smoke demons (Lair:5)
  A water nymph (D:15)
  4 torpor snails
  4 large abominations (Lair:5)
  2 unseen horrors
  12 cane toads
  An efreet (D:15)
  11 komodo dragons
  An unseen horror (shapeshifter) (Lair:5)
  14 trolls
  3 hornets
  2 polar bears
  7 jumping spiders
  Grinder (D:4)
  23 blink frogs
  12 tarantellas
  2 raiju (Lair:5)
  3 dream sheep (Lair:5)
  8 culicivoras
  4 wyverns
  3 slime creatures (D:14)
  6 wraiths
  A ynoxinul (Lair:5)
  59 yaks
  13 basilisks
  3 wargs
  9 humans (D:14)
  24 redbacks
  A chaos spawn (Lair:5)
  A steam dragon (D:8)
  13 vampire mosquitoes
  9 small abominations
  An acid dragon (D:11)
  18 water moccasins
  Edmund (D:5)
  24 orc warriors
  A swamp drake (shapeshifter) (D:15)
  2 ice beasts
  4 black bears
  A sky beast (D:6)
  2 laughing skulls (D:13)
  10 wolves
  22 ogres
  2 phantoms
  18 centaurs
  Blork the orc (D:6)
  A kobold brigand (D:7)
  11 bullfrogs
  2 scorpions
  A gnoll sergeant (D:9)
  10 killer bees
  8 howler monkeys
  3 jellies
  2 bombardier beetles
  A hound (D:5)
  12 orc priests
  A sleepcap (D:6)
  A scrub nettle (Lair:5)
  2 iguanas
  16 orc wizards
  4 hell rats (Lair:3)
  An ogre zombie (D:5)
  2 orc zombies (D:5)
  5 adders
  3 gnolls (D:9)
  2 white imps
  2 ufetubi (D:6)
  4 dart slugs
  2 ribbon worms (D:2)
  70 orcs
  10 ball pythons
  11 endoplasms
  3 giant cockroaches
  5 goblins
  9 hobgoblins
  5 jackals
  15 kobolds
  2 quokkas
  8 bats
  5 frilled lizards
  7 rats
  A fulminant prism (Orc:2)
745 creatures vanquished.

Vanquished Creatures (collateral kills)
  A two-headed ogre (D:12)
  A vampire mosquito (D:12)
  3 small abominations (Lair:5)
5 creatures vanquished.

Vanquished Creatures (others)
  A human (D:14)
  127 fulminant prisms
128 creatures vanquished.

Grand Total: 878 creatures vanquished

Notes
Turn   | Place    | Note
-------+----------+-------------------------------------------
     0 | D:1      | bmj180 the Human Conjurer began the quest for the Orb.
     0 | D:1      | Reached XP level 1. HP: 13/13 MP: 3/3
   293 | D:1      | Reached XP level 2. HP: 7/19 MP: 0/5
   528 | D:1      | Reached skill level 1 in Armour
   714 | D:1      | Reached XP level 3. HP: 24/24 MP: 4/6
   718 | D:1      | Learned a level 2 spell: Searing Ray
  1778 | D:2      | Found a faded altar of an unknown god.
  1780 | D:2      | Reached XP level 4. HP: 30/30 MP: 5/7
  2153 | D:3      | Found a shadowy altar of Dithmenos.
  2188 | D:3      | Reached skill level 5 in Conjurations
  2249 | D:3      | Found an ancient bone altar of Kikubaaqudgha.
  2428 | D:2      | Reached XP level 5. HP: 31/36 MP: 5/8
  2527 | D:3      | Reached skill level 1 in Fighting
  2825 | D:3      | Reached skill level 3 in Spellcasting
  2825 | D:3      | Reached XP level 6. HP: 40/43 MP: 4/10
  3096 | D:4      | Noticed a black bear
  3103 | D:4      | Killed a black bear
  3241 | D:4      | Noticed Grinder
  3444 | D:4      | Paralysed by Grinder for 2 turns
  3450 | D:4      | Paralysed by Grinder for 4 turns
  3457 | D:4      | Paralysed by Grinder for 5 turns
  3580 | D:4      | Killed Grinder
  3581 | D:4      | Reached skill level 1 in Maces & Flails
  3581 | D:4      | Reached skill level 1 in Throwing
  3581 | D:4      | Reached XP level 7. HP: 39/49 MP: 1/12
  3714 | D:4      | Found a stormy altar of Qazlal.
  3902 | D:5      | Entered Level 5 of the Dungeon
  3967 | D:5      | Reached skill level 4 in Spellcasting
  4118 | D:5      | Reached XP level 8. HP: 54/56 MP: 2/14
  4617 | D:5      | Found a transporter.
  4623 | D:5      | Identified the +8 short sword of Gafith {freeze, rPois}
  4845 | D:5      | Noticed Edmund
  4972 | D:5      | Found a transporter.
  5114 | D:5      | Found a shimmering altar of Xom.
  5114 | D:5      | Found a burning altar of Makhleb.
  5116 | D:5      | Found a white marble altar of Elyvilon.
  5121 | D:5      | Found a blossoming altar of Fedhas.
  5376 | D:5      | Killed Edmund
  5377 | D:5      | Reached skill level 1 in Alchemy
  5630 | D:6      | Noticed Blork the orc
  5641 | D:6      | Killed Blork the orc
  5723 | D:6      | Reached skill level 1 in Short Blades
  5965 | D:6      | Found Kiuloruq's Hydra Hut.
  5968 | D:6      | Noticed a seven-headed hydra
  6083 | D:6      | Reached skill level 5 in Spellcasting
  6083 | D:6      | Reached skill level 1 in Evocations
  6401 | D:6      | Reached XP level 9. HP: 60/62 MP: 11/16
  6436 | D:6      | Found Quujatz's Self-Published Books.
  6877 | D:7      | Found a staircase to the Ecumenical Temple.
  6884 | Temple   | Entered the Ecumenical Temple
  6893 | Temple   | Became a worshipper of Sif Muna the Loreminder
  7165 | D:7      | Found an iron altar of Okawaru.
  7285 | D:7      | Found an opulent altar of Gozag.
  7891 | D:8      | Reached skill level 1 in Invocations
  7894 | D:8      | Reached * piety under Sif Muna
  8070 | D:8      | Found a glowing silver altar of Zin.
  8324 | D:8      | Learned a level 4 spell: Fulminant Prism
  8540 | D:8      | Reached skill level 6 in Spellcasting
  9001 | D:9      | Reached XP level 10. HP: 71/71 MP: 7/19
  9566 | D:9      | Reached skill level 1 in Translocations
  9806 | D:9      | Found Natwy's Armour Emporium.
 10122 | D:10     | Entered Level 10 of the Dungeon
 10125 | D:10     | Found a radiant altar of Vehumet.
 10140 | D:10     | Noticed Josephine
 10160 | D:9      | HP: 3/71 [wraith[Josephine] (6)]
 10339 | D:10     | Found a transporter.
 10339 | D:10     | Noticed an orc knight
 10340 | D:10     | Noticed an unseen horror
 10359 | D:10     | Killed an unseen horror
 10409 | D:10     | a golden eye changed into an unseen horror
 10409 | D:10     | Noticed an unseen horror (shapeshifter)
 10486 | D:10     | Found a transporter.
 10519 | D:10     | Noticed Urug
 10921 | D:10     | Found a staircase to the Lair.
 10960 | D:10     | Found a snail-covered altar of Cheibriados.
 10963 | D:10     | Found a broken altar of Ashenzari.
 10964 | D:10     | Found a hazy altar of Hepliaklqana.
 10966 | D:10     | Found a hide-covered altar of Uskayaw.
 11111 | D:10     | Killed Josephine
 11302 | D:10     | Noticed an entropy weaver
 11564 | D:10     | Found a glowing golden altar of the Shining One.
 11617 | D:10     | Noticed Erolcha
 11627 | D:10     | Noticed a two-headed ogre
 11660 | D:10     | Killed a two-headed ogre
 11661 | D:10     | Reached skill level 5 in Armour
 11661 | D:10     | Reached XP level 11. HP: 78/78 MP: 9/21
 12035 | D:5      | Learned a level 4 spell: Iskenderun's Mystic Blast
 12039 | D:5      | Learned a level 3 spell: Call Canine Familiar
 12043 | D:5      | Learned a level 3 spell: Ozocubu's Armour
 12159 | D:10     | Killed Urug
 12160 | D:10     | Reached skill level 7 in Spellcasting
 12276 | D:11     | Noticed a purple ugly thing
 12341 | D:10     | Reached skill level 1 in Ice Magic
 12516 | D:11     | Found Gaplin's Book Boutique.
 12633 | D:11     | Noticed a death knight
 12699 | Abyss:2  | Cast into level 2 of the Abyss (Erolcha)
 12758 | Abyss:2  | Noticed a large abomination
 12760 | Abyss:2  | Noticed a tentacled starspawn
 12767 | Abyss:2  | Noticed a cacodemon
 12832 | Abyss:2  | Noticed a sixfirhy
 12842 | Abyss:2  | Killed a sixfirhy
 12925 | Abyss:2  | Found a corrupted altar of Lugonu.
 12935 | D:10     | Escaped the Abyss
 13020 | D:11     | Reached ** piety under Sif Muna
 13183 | D:11     | Found a snail-covered altar of Cheibriados.
 13317 | D:11     | Reached skill level 1 in Summonings
 13493 | D:11     | Killed a purple ugly thing
 13879 | D:11     | Killed a death knight
 13880 | D:11     | Reached skill level 5 in Dodging
 14325 | D:12     | Found a sacrificial altar of Ru.
 14398 | D:12     | Noticed Nessos
 14399 | D:12     | Nessos changed into Nessos the guardian serpent
 14399 | D:12     | Noticed Nessos
 14414 | D:12     | Killed Nessos the guardian serpent
 14421 | D:12     | Noticed a two-headed ogre
 14436 | D:12     | Killed a two-headed ogre
 14515 | D:12     | Reached XP level 12. HP: 80/85 MP: 13/23
 14617 | D:12     | Reached skill level 5 in Fighting
 14628 | D:12     | Noticed a boulder beetle
 14631 | D:12     | Reached skill level 1 in Necromancy
 14743 | D:12     | Killed a boulder beetle
 14744 | D:12     | Reached skill level 8 in Spellcasting
 14751 | D:12     | Identified the +10 mace "Sumus" {freeze, rElec rPois rN+++
                  | MP+9}
 14884 | D:12     | Found a staircase to the Orcish Mines.
 14889 | D:12     | Noticed Sonja
 14906 | Abyss:2  | Found a corrupted altar of Lugonu.
 14906 | Abyss:2  | Cast into level 2 of the Abyss (Sonja)
 14919 | D:12     | Escaped the Abyss
 14921 | D:12     | Killed Sonja
 15145 | D:12     | Reached skill level 5 in Evocations
 15532 | Lair:1   | Entered Level 1 of the Lair of Beasts
 15634 | Lair:1   | Reached *** piety under Sif Muna
 15935 | Lair:1   | Noticed a catoblepas
 15987 | Lair:1   | Killed a catoblepas
 15992 | Lair:1   | Learned a level 3 spell: Vampiric Draining
 16336 | Lair:1   | Identified the +2 robe "Erghiedeu" {Int+3}
 17040 | Lair:1   | Noticed a boulder beetle
 17057 | Lair:1   | Killed a boulder beetle
 17513 | Lair:2   | Reached XP level 13. HP: 91/91 MP: 25/25
 17649 | Lair:2   | Reached skill level 5 in Alchemy
 17921 | Lair:2   | Reached skill level 9 in Spellcasting
 18069 | Lair:2   | Identified the +0 leather armour "Guliq" {rN++}
 18387 | Lair:1   | Reached skill level 5 in Invocations
 19003 | Lair:2   | Found a staircase to the Shoals.
 19506 | Lair:3   | Reached skill level 10 in Conjurations
 19651 | Lair:3   | Reached **** piety under Sif Muna
 19842 | Lair:3   | Noticed Hifenlek's ghost (journeyman CoGl)
 19843 | Lair:3   | Found a runed translucent gate.
 19843 | Lair:3   | Found a runed translucent gate.
 19849 | Lair:3   | Found a runed translucent gate.
 20022 | Lair:3   | Reached skill level 5 in Translocations
 20359 | Lair:3   | Found a hole to the Spider Nest.
 20678 | Lair:3   | Found a blossoming altar of Fedhas.
 21726 | Lair:4   | Reached skill level 5 in Maces & Flails
 21726 | Lair:4   | Reached skill level 1 in Air Magic
 21726 | Lair:4   | Reached XP level 14. HP: 91/99 MP: 18/27
 22828 | Lair:5   | Entered Level 5 of the Lair of Beasts
 22845 | Lair:5   | Reached skill level 10 in Spellcasting
 22846 | Lair:5   | Reached ***** piety under Sif Muna
 22848 | Lair:5   | Reached skill level 5 in Stealth
 23442 | Lair:5   | Found a viscous altar of Jiyva.
 23442 | Lair:5   | Found a staircase to the Slime Pits.
 23465 | Lair:5   | Received a gift from Sif Muna
 23466 | Lair:5   | Got Sif Muna's Almanac of the Hurtful Rebis {god gift}
 24663 | Lair:5   | Identified the +1 ring mail of Sunlight {rPois rN+ Int+4
                  | Dex-5}
 25335 | Lair:5   | Found a corrupted altar of Lugonu.
 25335 | Lair:5   | Found a one-way gate to the infinite horrors of the Abyss.
 25545 | Lair:3   | Reached XP level 15. HP: 83/106 MP: 29/29
 25553 | Lair:3   | Reached skill level 11 in Spellcasting
 25579 | Lair:3   | Killed Hifenlek's ghost
 25684 | Lair:3   | Identified the staff of Red Wine {rElec Will- Str-4 Fire
                  | Air Alchemy}
 25925 | D:10     | Received a gift from Sif Muna
 26086 | D:10     | Got the Vellum of Beguiling
 26087 | D:10     | Identified the +7 hand axe "Hircharei" {venom, Str+3 Int+2}
 26099 | D:10     | Identified the ring of Lid Poowk {AC+4 Int+4}
 26270 | Orc:1    | Entered Level 1 of the Orcish Mines
 26861 | Orc:2    | Entered Level 2 of the Orcish Mines
 27219 | Orc:1    | Noticed an orc warlord
 27347 | Orc:2    | Noticed Jorgrun
 27404 | Orc:2    | Killed Jorgrun
 27449 | Orc:2    | Paralysed by an ogre mage for 2 turns
 27620 | Orc:2    | Found a staircase to the Elven Halls.
 27626 | Orc:2    | Found Bostrid's Antique Weapon Boutique.
 27648 | Orc:2    | Found Dow Neos's Magic Scroll Shop.
 27653 | Orc:2    | Found Zyaleho's Jewellery Shoppe.
 27663 | Orc:2    | Found Kevick's Magic Scroll Boutique.
 28003 | Orc:1    | Received a gift from Sif Muna
 28179 | Orc:1    | Got Sif Muna's Discursus on Confrontation and Dislocation
                  | {god gift}
 28202 | Orc:2    | Killed an orc warlord
 28338 | Orc:1    | Noticed Erica
 28346 | Orc:1    | Killed Erica
 28609 | D:12     | Learned a level 5 spell: Irradiate
 28614 | D:12     | Learned a level 4 spell: Airstrike
 28726 | Orc:2    | Bought the ring "Vokil" {Will++ AC+4} for 627 gold pieces
 29138 | D:10     | Killed Erolcha
 29571 | D:13     | Reached skill level 12 in Spellcasting
 30503 | D:13     | Found a portal to a secret trove of treasure.
 30658 | D:14     | Noticed Louise
 30731 | D:14     | Killed Louise
 30841 | D:13     | Reached XP level 16. HP: 115/115 MP: 26/32
 31321 | D:14     | Found a broken altar of Ashenzari.
 31382 | D:14     | Reached skill level 5 in Air Magic
 31865 | D:14     | Found a hazy altar of Hepliaklqana.
 31976 | D:14     | Found a gate to the Vaults.
 32280 | D:15     | Entered Level 15 of the Dungeon
 32624 | D:15     | Found a bloodstained altar of Trog.
 32634 | D:15     | Identified the +5 dagger "Wojouc" {venom, *Rage rElec rC++
                  | SInv}
 33157 | D:15     | Found a staircase to the Depths.
 33684 | Spider:1 | Entered Level 1 of the Spider Nest
 36400 | Spider:2 | Reached skill level 13 in Spellcasting
 37061 | Spider:1 | HP: 5/116 [ghost moth[a torpor snail] (6)]
 37062 | Spider:1 | Slain by a ghost moth

Illustrated notes

Levels and vault maps discovered:
D:1:      tarquinn_simple_flora_water_a, layout_basic
D:2:      layout_loops_ring, chequers_ecumenical_altar_simple_redux,
          minmay_misc_feat_alley, kennysheep_generic_room_6
D:3:      layout_rooms, nicolae_dithmenos_through_a_glass_darkly,
          mainiacjoe_overflow_small_starburst
D:4:      layout_basic, nicolae_qazlal_eye_of_the_storm, uniq_grinder
D:5:      gammafunk_cloud_chamber, layout_loops_corners,
          grunt_temple_overflow_open, hangedman_abyss_or_decor_lesser_grid,
          uniq_edmund
D:6:      layout_basic, nicolae_custom_books, mrwooster_statue_mirror,
          minmay_misc_feat_rows, doesnt_shop_hydraphobe, uniq_blork_the_orc
D:7:      layout_basic, grunt_gozag_breadcrumbs, okawaru_ov_weapons_minmay,
          minmay_temple_entry_nine_rooms
D:8:      layout_basic, zin_statuary
D:9:      layout_roguey, serial_shops, shop, solitary_fountain
D:10:     gammafunk_sealed_arena, layout_loops_ring, tso_altar,
          mainiacjoe_overflow_surrounded_room, minitemple, lair_entry_dummy,
          feat_on_display, uniq_erolcha, uniq_josephine, uniq_urug
D:11:     layout_rooms, serial_shops, nicolae_shop_rolling_square,
          kennysheep_slug_shrine
D:12:     layout_long_grid, orc_0_dummy, nicolae_ru_sacrificial_ziggurat,
          uniq_nessos, uniq_sonja
D:13:     layout_rooms, trove_entry_hex_spiral, bh_walls_and_bars
D:14:     layout_loops_corners, ximxim_vaults_locker_room,
          nicolae_ashenzari_panopticon, nzn_hepliaklqana_mist_gate, uniq_louise
D:15:     hangedman_depths_entry_try_elsewhere_first, layout_gridville,
          amcnicky_mini_pool_small, trog_three_pillars_becter
Temple:   hellmonk_temple_two_chambers
Lair:1:   wad_woods_structure_01, layout_chaotic_city
Lair:2:   layout_cave_pods, minmay_shoals_entry_lonely_mermaid
Lair:3:   layout_regular_city, spider_nest_entry_web_field,
          gammafunk_ghost_split, chequers_serial_rivers_room_a, tgw_fedhas
Lair:4:   layout_long_grid
Lair:5:   hellmonk_lair_end_abyssal_woods, layout_gridlike, slime_entry_1,
          evilmike_ambush [evilmike_ambush_outer_corners,
          evilmike_ambush_inner_basic]
Spider:1: layout_spider_delve
Spider:2: layout_spider_delve
Orc:1:    layout_caves, nicolae_orc_minecarts, uniq_erica
Orc:2:    st_orc_open, layout_diamond_mine, uniq_jorgrun

Skill      XL: |  1  2  3  4  5  6  7  8  9 10 11 12 13 14 15 16 |
---------------+-------------------------------------------------+-----
Armour         | 1 2 3 4 5 6 7 |  7.8
Conjurations   | 5 6 7 8 9 10 11 12 | 12.4
Fighting       | 1 2 3 4 5 6 7 |  7.9
Spellcasting   | 3 4 5 6 7 8 9 10 12 13 | 13.0
Maces & Flails | 1 3 5 6 7 8 |  8.2
Throwing       | 1 2 3 4 |  4.0
Stealth        | 3 4 5 |  5.0
Alchemy        | 2 3 4 6 7 |  7.1
Short Blades   | 1 2 3 4 |  4.6
Evocations     | 1 2 3 4 5 6 |  6.0
Dodging        | 3 4 5 6 7 |  7.2
Invocations    | 1 3 4 5 6 7 8 |  8.7
Translocations | 2 3 4 5 6 7 |  7.8
Ice Magic      | 2 3 4 |  4.0
Summonings     | 1 3 4 |  4.1
Necromancy     | 2 3 4 |  4.0
Air Magic      | 1 3 4 6 |  6.4
Unarmed Combat | |  0.1

Action                     |  1- 3 |  4- 6 |  7- 9 | 10-12 | 13-15 | 16-18 || total
---------------------------+-------+-------+-------+-------+-------+-------++-------
  Melee: Unarmed           |    28 |       |       |       |       |       ||    28
         Short sword       |     9 |       |    24 |   122 |       |       ||   155
         Mace              |     7 |     8 |     8 |    62 |   279 |    43 ||   407
         Dagger            |       |       |       |    11 |       |    13 ||    24
  Throw: Dart              |       |       |       |     9 |       |       ||     9
   Cast: Magic Dart        |    77 |    54 |    66 |    29 |    11 |     2 ||   239
         Searing Ray       |     1 |    14 |    64 |    84 |   114 |     3 ||   280
         Fulminant Prism   |       |       |     2 |    47 |    79 |       ||   128
         Iskenderun's Myst |       |       |       |    30 |   233 |   147 ||   410
         Call Canine Famil |       |       |       |     4 |     6 |       ||    10
         Ozocubu's Armour  |       |       |       |     4 |     1 |       ||     5
         Vampiric Draining |       |       |       |     2 |    29 |     6 ||    37
         Airstrike         |       |       |       |       |    68 |   157 ||   225
         Irradiate         |       |       |       |       |     1 |    15 ||    16
 Invoke: Channel Magic     |       |       |       |     1 |    15 |    12 ||    28
  Evoke: Wand              |       |       |       |     8 |       |       ||     8
    Use: Scroll            |       |       |    17 |     5 |     6 |     1 ||    29
         Potion            |       |       |     1 |     2 |     1 |       ||     4
   Stab: Sleeping          |       |       |       |     3 |     1 |     1 ||     5
         Distracted        |       |       |       |       |     1 |       ||     1
 Armour: Robe              |    36 |    24 |   124 |   314 |   651 |   191 ||  1340
         Troll leather arm |       |       |       |    31 |       |       ||    31
  Dodge: Dodged            |    35 |    12 |   105 |   263 |   509 |   132 ||  1056

Table legend: (Time is in decaauts)
 A = Elapsed time spent in this place.
 B = Non-inter-level travel time spent in this place.
 C = Inter-level travel time spent in this place.
 D = Time resting spent in this place.
 E = Time spent auto-exploring this place.
 F = Levels seen in this place.
 G = Mean time per level.
                   A        B        C        D        E       F      G
               +--------+--------+--------+--------+--------+-----+--------+
         Total |  37329 |  33889 |   3440 |   7371 |  18073 |  27 | 1382.6 |
       Dungeon |  21624 |  19340 |   2284 |   4234 |  10853 |  15 | 1441.6 |
        Temple |     18 |      9 |      9 |      0 |      0 |   1 |   18.0 |
          Lair |  10589 |   9759 |    830 |   1348 |   5757 |   5 | 2117.8 |
   Spider Nest |   2769 |   2678 |     91 |   1244 |    786 |   2 | 1384.5 |
  Orcish Mines |   2083 |   1858 |    225 |    468 |    670 |   2 | 1041.5 |
         Abyss |    245 |    245 |      0 |     77 |      6 |   2 |  122.5 |
               +--------+--------+--------+--------+--------+-----+--------+

Top non-repeatable levels by time:
    D:10: 2918 daAuts
  Lair:3: 2679 daAuts
  Lair:5: 2625 daAuts
Spider:1: 2464 daAuts
    D:12: 2216 daAuts
  Lair:1: 2184 daAuts
     D:5: 1815 daAuts
  Lair:2: 1747 daAuts
     D:9: 1659 daAuts
    D:13: 1645 daAuts
    D:14: 1452 daAuts
  Lair:4: 1352 daAuts
   Orc:2: 1350 daAuts
     D:2: 1343 daAuts
     D:7: 1342 daAuts
